 Dungeon Crawl Stone Soup version 0.22-a0-512-g0943f25 (webtiles) character file.

39 inc the Changer (level 3, 16/16 HPs)
             Began as a Felid Transmuter on June 18, 2018.
             Quit the game on level 2 of the Dungeon.
             The game lasted 00:02:48 (1838 turns).

inc the Changer (Felid Transmuter)                  Turns: 1838, Time: 00:02:49

Health: 16/16      AC:  1    Str:  6    XL:     3   Next: 26%
Magic:  7/7        EV: 19    Int: 14    God:
Gold:   116        SH:  0    Dex: 17    Spells: 0/6 levels left
                                        Lives:  0   Deaths: 1

rFire    . . .     SeeInvis +     - Unarmed
rCold    . . .     Gourm    .   (shield unavailable)
rNeg     . . .     Faith    .   (armour unavailable)
rPois    .         Spirit   .   (helmet unavailable)
rElec    .         Reflect  .   (cloak unavailable)
rCorr    .         Harm     .   (gloves unavailable)
MR       .....                  (boots unavailable)
Stlth    ++........             (no amulet)
HPRegen  0.05/turn              (no ring)
MPRegen  0.10/turn              (no ring)

@: quick
A: very small, no armour, no weapons or thrown items, stealth, claws 1, fangs 3,
see invisible, carnivore, speed 1, shaggy fur 1, slow metabolism 1, sharp paws
a: no special abilities


You were on level 2 of the Dungeon.
You were not hungry.

You visited 1 branch of the dungeon, and saw 2 of its levels.

You collected 116 gold pieces.

Inventory:

Missiles
 a - 11 arrows
Wands
 l - a wand of flame (33)
Scrolls
 b - a scroll of fear {unknown}
 d - a scroll of fog {unknown}
 e - a scroll of remove curse {unknown}
 g - a scroll of amnesia {unknown}
 h - a scroll of identify {unknown}
 k - a scroll of noise {unknown}
 m - a scroll of teleportation {unknown}
Potions
 f - a potion of lignification
 i - a potion of might {unknown}
 j - a potion of degeneration {unknown}
 n - a potion of ambrosia {unknown}
Comestibles
 c - 5 rations


   Skills:
 + Level 1.7 Fighting
 + Level 3.4 Dodging
 - Level 3.0 Unarmed Combat
 - Level 2.0 Spellcasting
 - Level 4.3 Transmutations


You couldn't memorise any spells.
You knew the following spells:

 Your Spells              Type           Power        Failure   Level  Hunger
a - Beastly Appendage     Tmut           ##....       4%          1    ##.....
b - Sticks to Snakes      Tmut           ##......     6%          2    ###....
c - Spider Form           Tmut/Pois      #.........   28%         3    ####...

Your spell library contained the following spells:

 Spells                   Type           Power        Failure   Level  Hunger
 Blade Hands              Tmut           ##........   73%         5    ######.
 Ice Form                 Ice/Tmut       #.......     67%         4    #####..


Dungeon Overview and Level Annotations

Branches:
Dungeon (2/15)

Altars:
Elyvilon
Kikubaaqudgha
Xom
Yredelemnul


Innate Abilities, Weirdness & Mutations

You cannot wear armour.
You are incapable of wielding weapons or throwing items.
Your paws allow you to move quietly. (Stealth)
You have sharp claws.
You have razor-sharp teeth.
You have supernaturally acute eyesight. (SInv)
You are carnivorous and can eat meat at any time.
You cover ground quickly.
You are covered in fur. (AC +1)
You have a slow metabolism.
Your sharp claws are effective at attacking unaware monsters.


Message History

You are poisoned.
The adder poisons you!
You closely miss the adder.
The adder is almost dead.
You feel sick. The adder bites you.
* * * LOW HITPOINT WARNING * * *
You are more poisoned.
The adder poisons you!
You scratch the adder.
You kill the adder!
It was a potion of lignification.
Your horns disappear.
You turn into a tree.
Your roots penetrate the ground.
You die...
Your shape twists and changes as you die.
You feel sick.
You are now level 3!
You feel less wooden.
You rejoin the land of the living...
Are you sure you want to abandon this character and quit the game? (Confirm with "yes".)

#.# #.# #.# #.##### #.# #.# #.#
#.....# #.# #.#####.# ##.###.#
#.# #.....#.# #..# #.. #.#
#####.#.# #..###.# #.# #.#.#
#......# #.# #.#.# #.##.###
#######.########.#.######.##.#
...............@.#........##.#
#######.#######<.#.#########.###
#............# #....
#########..### ##### #..# #
#รท.# # ##..# # #...# #####
####..## #....


There were no monsters in sight!

Vanquished Creatures
  4 adders (D:2)
  An ooze (D:2)
  2 leopard geckos
  6 bats
  4 giant cockroaches
  6 goblins
  4 hobgoblins
  3 jackals (D:1)
  A quokka (D:2)
  3 frilled lizards
  4 kobolds (D:1)
  7 rats
45 creatures vanquished.

Notes
Turn   | Place    | Note
-------+----------+-------------------------------------------
     0 | D:1      | inc the Felid Transmuter began the quest for the Orb.
     0 | D:1      | Reached XP level 1. HP: 9/9 MP: 4/4
   238 | D:1      | Reached skill level 3 in Transmutations
   238 | D:1      | Reached XP level 2. HP: 12/12 MP: 4/6
   778 | D:1      | Learned a level 2 spell: Sticks to Snakes
   838 | D:1      | Reached XP level 3. HP: 8/15 MP: 5/7
   974 | D:1      | Found a shimmering altar of Xom.
   976 | D:1      | Found a basalt altar of Yredelemnul.
   976 | D:1      | Found an ancient bone altar of Kikubaaqudgha.
   978 | D:1      | Found a shadowy altar of Dithmenos.
   978 | D:1      | Found a white marble altar of Elyvilon.
   978 | D:1      | Found a shimmering altar of Xom.
  1139 | D:2      | Reached skill level 4 in Transmutations
  1216 | D:2      | Learned a level 3 spell: Spider Form
  1560 | D:2      | Noticed a scorpion
  1755 | D:2      | Reached XP level 4. HP: 13/19 MP: 6/8
  1837 | D:2      | Succumbed to an adder's poison
  1838 | D:2      | Reached XP level 3. HP: 0/24 MP: 7/7
  1838 | D:2      | Quit the game

Vault maps used:
D:1:      dpeg_arrival_tiny_d, hex_large, doesnt_xom_only_xom
D:2:      first_ration, kennysheep_small_spiral

Skill      XL: |  1  2  3 |
---------------+----------+-----
Transmutations | 3 4 |  4.3
Dodging        | 3 |  3.4
Fighting       | |  1.7
Unarmed Combat | |  3.0
Spellcasting   | |  2.0

Action                   |  1- 3 |  4- 6 || total
-------------------------+-------+-------++-------
Melee: Unarmed           |   114 |    13 ||   127
       Bite              |     9 |       ||     9
       Headbutt          |    13 |     2 ||    15
       Punch             |     1 |       ||     1
 Cast: Beastly Appendage |    18 |     2 ||    20
       Sticks to Snakes  |       |     1 ||     1
  Use: Potion            |       |     1 ||     1
 Stab: Distracted        |     1 |       ||     1
       Sleeping          |     7 |       ||     7
  Eat: Chunk             |     8 |     1 ||     9
Armor: Skin              |     7 |     1 ||     8
Dodge: Dodged            |   102 |    16 ||   118

Table legend:
 A = Spawn XP
 B = Non-spawn XP
 C = Spawn XP percentage of total XP
 D = Spawn monster count
 E = Non-spawn monster count
 F = Spawn count percentage of total count
 G = Total turns spent on level
                    A         B        C        D         E        F      G
               +---------+---------+-------+---------+---------+-------+---------
         Total |       0 |     124 |   0.0 |       0 |      45 |   0.0 |  1838
               +---------+---------+-------+---------+---------+-------+---------
           D:1 |       0 |      43 |   0.0 |       0 |      26 |   0.0 |  1129
           D:2 |       0 |      81 |   0.0 |       0 |      19 |   0.0 |   709
               +---------+---------+-------+---------+---------+-------+---------
